 Dungeon Crawl Stone Soup version 0.20.1-1-g8b1a95d (webtiles) character file.

459 Irenicus the Cleaver (level 6, -10/55 HPs)
             Began as a Deep Dwarf Monk on Nov 14, 2017.
             Mangled by an ogre
             ... wielding a +0 giant spiked club
              (27 damage)
             ... on level 5 of the Dungeon.
             The game lasted 00:14:17 (1971 turns).

Irenicus the Cleaver (Deep Dwarf Monk)              Turns: 1971, Time: 00:14:17

Health: -10/55     AC:  4    Str: 14    XL:     6   Next: 78%
Magic:  5/5        EV: 13    Int: 11    God:
Gold:   147        SH:  0    Dex: 17    Spells: 5/5 levels left

rFire    . . .     SeeInvis .   s - +1 war axe
rCold    . . .     Gourm    .   (no shield)
rNeg     . . .     Faith    .   d - +0 leather armour
rPois    .         Spirit   .   (no helmet)
rElec    .         Reflect  .   (no cloak)
rCorr    +         Harm     .   k - +0 pair of gloves
MR       .....     Clarity  +   (no boots)
Stlth    ++........             (no amulet)
Regen    0.0/turn               b - ring of resist corrosion
MPRegen  0.1/turn               (no ring)

@: non-regenerating
A: damage resistance, heal wounds, clarity, low mp 1, sense surroundings 1, no
regeneration
a: Heal Wounds


You were on level 5 of the Dungeon.
You were very hungry.

You visited 2 branches of the dungeon, and saw 6 of its levels.

You collected 147 gold pieces.

Inventory:

Hand Weapons
 a - a +0 hand axe
 s - a +1 war axe (weapon)
Armour
 d - a +0 leather armour (worn)
 k - a +0 pair of gloves (worn)
 p - a +0 ring mail
Jewellery
 b - a ring of resist corrosion (left hand)
Wands
 i - a wand of polymorph (5/24)
Scrolls
 e - a scroll of magic mapping {unknown}
 g - a scroll of enchant weapon
 h - a scroll of immolation {unknown}
 j - 6 scrolls of remove curse
 l - a scroll of recharging {unknown}
 m - 2 scrolls of identify
 q - a scroll of amnesia {unknown}
 r - a scroll of teleportation {unknown}
 u - a scroll of fear {unknown}
 v - a scroll of torment {unknown}
Potions
 f - a potion of haste
 o - a potion of agility
 t - a potion of curing
 w - a potion of cancellation
Comestibles
 c - 3 bread rations
 n - a meat ration


   Skills:
 - Level 2.6 Fighting
 + Level 8.5 Axes
 - Level 3.2 Dodging
 - Level 2.4 Stealth


You had 5 spell levels left.
You didn't know any spells.

Dungeon Overview and Level Annotations

Branches:
Dungeon (5/15)             Temple (1/1) D:4

Altars:
Dithmenos
Gozag
Kikubaaqudgha
Nemelex Xobeh
Ru
Sif Muna
Uskayaw
Vehumet
Xom
Yredelemnul
Zin

Shops:
D:5 :


Innate Abilities, Weirdness & Mutations

You are resistant to damage.
You can heal yourself by infusing magical energy.
You passively map a small area around you.
You do not regenerate.
You possess an exceptional clarity of mind.
Your magical capacity is low. (-10% MP)


Message History

You barely miss the quokka. The quokka barely misses you.
You barely miss the quokka.
The quokka bites you but does no damage.
The quokka closely misses you.
You hit the ogre but do no damage. You hit the quokka. The quokka bites you.
The ogre barely misses you.
You slash the ogre!
The ogre is heavily wounded.
You miss the quokka. The quokka barely misses you.
The crimson imp blinks!
You slash the ogre!
The ogre is severely wounded.
You barely miss the crimson imp. You slash the quokka!
You kill the quokka!
The ogre hits you with a giant spiked club!
The crimson imp hits you.
You barely miss the ogre.
The ogre is severely wounded.
You slash the crimson imp!
The ogre hits you with a giant spiked club!!
You die...

#.##.##### * ######.........
##.##.#* ................####
...##.. , ......>............
#####..# ,$..........8...#.#. #.#
* *#...# #..#......... #O# #...#
##.8.∩.8.#.#. #.# #...#
####..#..... ### #.# #5†.#
#8.....## 5.# #.# #.@.# #........
#.# #.# #.O.# ###.##.#.
.$####.### ###§..# * * #.#....
.)...5.5.# #.....#### * #.#....
#)#.####.# #.......>.. #.#.##.
#.#.####.####..######## #.#.##.
..#.##.........# ####.###..5...
#.#.##.#.####..#####.......##.###
..#.##.#......#..(##.##.##.##.5..


You could see an ogre and a crimson imp.

Vanquished Creatures
  2 ogres
  2 crimson imps (D:5)
  2 orc wizards (D:5)
  2 worker ants (D:5)
  A mummy (D:5)
  An adder (D:4)
  2 oozes
  2 worms
  8 leopard geckos
  8 orcs (D:5)
  2 ball pythons
  7 giant cockroaches
  2 hobgoblins (D:2)
  3 quokkas
  3 bats
  3 frilled lizards
  5 goblins
  A hobgoblin zombie (D:5)
  2 jackal skeletons (D:4)
  4 kobolds
  2 kobold zombies (D:5)
  A leopard gecko zombie (D:5)
  An orc zombie (D:5)
  7 rats
73 creatures vanquished.

Notes
Turn   | Place    | Note
-------+----------+-------------------------------------------
     0 | D:1      | Irenicus the Deep Dwarf Monk began the quest for the Orb.
     0 | D:1      | Reached XP level 1. HP: 20/20 MP: 1/1
   113 | D:1      | Reached XP level 2. HP: 18/27 MP: 2/2
   125 | D:1      | Reached skill level 4 in Axes
   247 | D:1      | Reached XP level 3. HP: 10/33 MP: 3/3
   592 | D:2      | You fall through a shaft for 2 floors!
   605 | D:4      | Reached skill level 5 in Axes
   876 | D:3      | Reached XP level 4. HP: 7/40 MP: 4/4
   926 | D:3      | Noticed a sky beast
  1062 | D:4      | Noticed an ogre
  1097 | D:4      | Killed an ogre
  1097 | D:4      | Reached skill level 6 in Axes
  1097 | D:4      | Reached XP level 5. HP: 21/46 MP: 5/5
  1148 | D:4      | Found a staircase to the Ecumenical Temple.
  1156 | Temple   | Entered the Ecumenical Temple
  1348 | D:5      | Entered Level 5 of the Dungeon
  1348 | D:5      | Found a radiant altar of Vehumet.
  1386 | D:5      | Reached skill level 7 in Axes
  1392 | D:5      | Found Suim's Book Shop.
  1603 | D:5      | Noticed an ogre
  1614 | D:5      | Killed an ogre
  1614 | D:5      | Reached XP level 6. HP: 32/55 MP: 6/6
  1714 | D:5      | Reached skill level 8 in Axes
  1814 | D:5      | Gained mutation: Your magical capacity is low. (-10% MP) [potion of mutation]
  1814 | D:5      | Gained mutation: You possess an exceptional clarity of mind. [potion of mutation]
  1971 | D:5      | Mangled by an ogre

Skill      XL: |  1  2  3  4  5  6 |
---------------+-------------------+-----
Axes           | 4 5 6 7 8 |  8.5
Fighting       | |  2.6
Dodging        | |  3.2
Stealth        | |  2.4

Action                   |  1- 3 |  4- 6 || total
-------------------------+-------+-------++-------
Melee: Hand axe          |   136 |   222 ||   358
       War axe           |       |    54 ||    54
 Abil: Heal Wounds       |     1 |     4 ||     5
Evoke: Wand              |     2 |       ||     2
  Use: Potion            |     3 |     5 ||     8
       Scroll            |     1 |     2 ||     3
 Stab: Sleeping          |     2 |     3 ||     5
       Invisible         |     5 |       ||     5
  Eat: Chunk             |       |     3 ||     3
Armor: Robe              |    15 |       ||    15
       Leather armour    |    10 |    67 ||    77
Dodge: Dodged            |   107 |   165 ||   272
